 Dungeon Crawl Stone Soup version 0.24.0-1-gfbc8707122 (webtiles) character file.

Game seed: 79065644712100501, levelgen mode: classic

1470 EnegeticOcto the Chopper (level 8, 0/70 HPs)
             Began as a Minotaur Fighter on Oct 27, 2019.
             Was an Elder of Makhleb.
             Slain by Menkaure (17 damage)
             ... on level 6 of the Dungeon.
             The game lasted 00:03:13 (5326 turns).

EnegeticOcto the Chopper (Minotaur Fighter)         Turns: 5326, Time: 00:03:13

Health: 0/70       AC: 16    Str: 23    XL:     8   Next: 49%
Magic:  10/10      EV:  6    Int:  5    God:    Makhleb [****..]
Gold:   282        SH: 10    Dex: 10    Spells: 7/7 levels left

rFire    . . .     SeeInvis .   a - +0 war axe
rCold    . . .     Gourm    +   c - +0 shield
rNeg     . . .     Faith    .   x - +0 plate armour
rPois    .         Spirit   .   (helmet restricted)
rElec    .         Reflect  .   (no cloak)
rCorr    .         Harm     .   p - +0 pair of gloves
MR       .....                  j - +1 pair of boots
Stlth    ..........             t - amulet of the gourmand
HPRegen  0.21/turn              (no ring)
MPRegen  0.12/turn              (no ring)

@: no status effects
A: retaliatory headbutt, horns 2
a: Minor Destruction, Lesser Servant of Makhleb, Major Destruction, Renounce
Religion


You were on level 6 of the Dungeon.
You worshipped Makhleb.
Makhleb was greatly pleased with you.
You were completely stuffed.

You visited 1 branch of the dungeon, and saw 6 of its levels.

You collected 282 gold pieces.

Inventory:

Hand Weapons
 a - a +0 war axe (weapon)
Armour
 c - a +0 shield (worn)
 j - a +1 pair of boots (worn)
 p - a +0 pair of gloves (worn)
 x - a +0 plate armour (worn)
Jewellery
 t - an amulet of the gourmand (around neck)
Wands
 b - a wand of iceblast (13)
 o - a wand of flame (23)
Scrolls
 h - a scroll of enchant armour
 i - 2 scrolls of remove curse {@r2}
 l - 2 scrolls of teleportation {@r3 !r}
Potions
 d - 2 potions of might {@q3 !q}
 f - a potion of lignification {unknown}
 g - a potion of magic
 m - a potion of flight
 n - 3 potions of curing {@q1 !q}
 q - a potion of agility {@q5 !q}
 r - 2 potions of heal wounds {@q2 !q}
Comestibles
 e - 10 rations
 k - 2 chunks of flesh


   Skills:
 + Level 5.7 Fighting
 * Level 6.9 Axes
 + Level 5.7 Armour
 + Level 3.9 Dodging
 + Level 5.7 Shields
 * Level 4.9 Invocations


You had 7 spell levels left.
You didn't know any spells.
Your spell library was empty.

Dungeon Overview and Level Annotations

Branches:
Dungeon (6/15)             Temple (0/1) D:4

Altars:
Ashenzari
Cheibriados
Gozag
Makhleb
Ru
Sif Muna
Uskayaw
Vehumet
Yredelemnul

Annotations:
D:6 Menkaure


Innate Abilities, Weirdness & Mutations

You reflexively headbutt those who attack you in melee.
You have a pair of horns on your head.


Message History

You barely miss the giant cockroach.
Your headbutt misses the giant cockroach.
The giant cockroach bites you but does no damage.
The giant cockroach closely misses you.
You closely miss the giant cockroach.
You headbutt the giant cockroach, but do no damage.
You block the giant cockroach's attack.
You barely miss the giant cockroach. You headbutt the giant cockroach.
You kill the giant cockroach!
Makhleb accepts your kill.
No target in view!
You butcher the giant cockroach corpse.
k - 2 chunks of flesh
Found 28 stones.
An orc, an orc wizard and Menkaure come into view.
Menkaure shouts!
The orc shouts!
The orc wizard shouts!
The orc wizard gestures at you while chanting.
The puff of frost hits you.
An orc wizard comes into view. It is wielding a +0 dagger.
Found 11 gold pieces.
The orc wizard shouts!
The orc wizard hits you but does no damage.
The orc wizard barely misses you.
Menkaure sighs in an indecipherable tongue.
Your plate armour prevents you from hitting the orc wizard.
You hit the orc wizard. The orc wizard casts a spell at you.
The magic dart hits you but does no damage.
You block the orc wizard's attack. You block the orc's attack.
You hit the orc wizard. You headbutt the orc wizard.
The orc wizard is severely wounded.
You closely miss the orc wizard.
Your plate armour prevents you from hitting the orc.
The orc wizard barely misses you. You furiously retaliate!
You headbutt the orc wizard.
The orc wizard points at you and mumbles some strange words.
You block the puff of flame. The orc hits you but does no damage.
The orc wizard hits you but does no damage.
You closely miss the orc wizard.
The orc wizard is severely wounded.
You hit the orc wizard. You closely miss the orc.
The orc wizard hits you with a +0 dagger.
You block the orc's attack.
The orc wizard gestures at you while chanting.
You resist with some effort.
The orc wizard hits you but does no damage.
You closely miss the orc wizard. Your headbutt misses the orc wizard.
The orc wizard is severely wounded.
Your shield and plate armour prevent you from hitting the orc.
Your shield and plate armour prevent you from hitting the orc wizard.
The orc hits you with a +0 short sword.
The orc wizard hits you but does no damage. x2
Menkaure calls on the powers of darkness!
The orc convulses!
Your body is wracked with pain!
The orc wizard convulses! x2
The orc hits you but does no damage.
You hit the orc wizard.
You kill the orc wizard!
Makhleb accepts your kill.
You feel better.
You hit the orc wizard. You barely miss the orc.
The orc wizard points at you and mumbles some strange words.
The puff of flame hits you! The orc barely misses you. You furiously retaliate!
You headbutt the orc!
You kill the orc!
Makhleb accepts your kill.
You feel better. Menkaure casts a spell at you.
You struggle to resist.
You closely miss the orc wizard.
The orc wizard is severely wounded.
The orc wizard gestures at you while chanting.
The magic dart hits you but does no damage.
Menkaure gestures at you while chanting.
Pain shoots through your body!
You are too injured to fight recklessly!
You are too injured to fight recklessly!
You are too injured to fight recklessly!
You are too injured to fight recklessly!
You are too injured to fight recklessly!
You are too injured to fight recklessly!
Your shield and plate armour prevent you from hitting the orc wizard.
You headbutt the orc wizard.
The orc wizard is severely wounded.
The orc wizard hits you but does no damage.
You slash the orc wizard!
You kill the orc wizard!
Makhleb accepts your kill.
You feel better. Menkaure casts a spell at you. Pain shoots through your body!
* * * LOW HITPOINT WARNING * * *
Menkaure mumbles drily.
Menkaure mumbles some strange words.
Menkaure seems to speed up.
Okay, then.
Okay, then.
A demon appears!
You hit Menkaure but do no damage. Menkaure hits you but does no damage.
Your orange demon stings Menkaure but does no damage.
You closely miss Menkaure. Menkaure hits you!
You die...

###............#
#....##.........# #..#
#######.........##...#
#....#......#...#
#.###....##.........##
#.......# ##........#
#.......# ......#
#.###...## ##).#.$..
#. ##...####@M....# #
##.......)#..##
#.......4.....#
(................#
..####...........## #
#.....#....###
..........###
...........#
............


You could see Menkaure and a friendly orange demon.

Vanquished Creatures
  A phantom (D:4)
  An orc warrior (D:6)
  An ogre (D:4)
  2 centaurs
  A bullfrog (D:6)
  A howler monkey (D:5)
  A bullfrog zombie (D:5)
  8 orc priests
  4 orc wizards
  A bullfrog skeleton (D:5)
  2 iguanas
  Natasha (thrice) (D:3)
  4 worker ants (D:4)
  Robin (D:2)
  A worker ant zombie (D:5)
  A howler monkey skeleton (D:6)
  7 gnolls
  7 adders
  A shadow imp (D:5)
  An ooze (D:6)
  An adder skeleton (D:4)
  2 worms (D:3)
  2 dart slugs (D:2)
  4 leopard geckos
  25 orcs
  3 ball pythons
  7 bats
  7 giant cockroaches
  2 gnoll zombies (D:4)
  15 goblins
  6 hobgoblins
  4 quokkas
  9 frilled lizards
  7 kobolds
  A quokka skeleton (D:4)
  A quokka zombie (D:6)
  8 rats
153 creatures vanquished.

Notes
Turn   | Place    | Note
-------+----------+-------------------------------------------
     0 | D:1      | EnegeticOcto the Minotaur Fighter began the quest for the
                  | Orb.
     0 | D:1      | Reached XP level 1. HP: 19/19 MP: 0/0
   440 | D:1      | Reached XP level 2. HP: 27/27 MP: 1/1
   768 | D:2      | Reached skill level 3 in Axes
   779 | D:2      | Found a faded altar of an unknown god.
   793 | D:2      | Became a worshipper of Makhleb the Destroyer
   793 | D:2      | Reached * piety under Makhleb
   864 | D:2      | Reached skill level 1 in Dodging
   865 | D:2      | Reached XP level 3. HP: 33/33 MP: 2/2
   962 | D:2      | Reached skill level 1 in Invocations
   962 | D:2      | Reached XP level 4. HP: 18/40 MP: 3/3
   965 | D:2      | HP: 1/40 [gnoll/+0 halberd (6)]
  1125 | D:2      | Noticed Robin
  1128 | D:2      | Reached ** piety under Makhleb
  1132 | D:2      | Killed Robin
  1396 | D:2      | You fall into a shaft and drop 1 floor!
  1511 | D:3      | Reached skill level 4 in Axes
  1511 | D:3      | Reached XP level 5. HP: 43/46 MP: 5/5
  1674 | D:3      | Noticed Natasha
  1681 | D:3      | Killed Natasha
  1686 | D:3      | Noticed Natasha
  1697 | D:3      | Killed Natasha
  1719 | D:3      | Noticed Natasha
  1723 | D:3      | Killed Natasha
  1866 | D:3      | Reached XP level 6. HP: 36/53 MP: 6/6
  1979 | D:3      | Found a shattered altar of Ashenzari.
  2401 | D:4      | Reached *** piety under Makhleb
  2431 | D:4      | Found a staircase to the Ecumenical Temple.
  2653 | D:4      | Noticed a +0 dagger
  2655 | D:4      | Found a hide-covered altar of Uskayaw.
  2655 | D:4      | Noticed a +0 hand axe
  2720 | D:4      | Reached skill level 5 in Axes
  2942 | D:4      | Reached XP level 7. HP: 60/60 MP: 8/8
  3061 | D:4      | Reached skill level 5 in Fighting
  3158 | D:4      | Found a basalt altar of Yredelemnul.
  3378 | D:5      | Entered Level 5 of the Dungeon
  3391 | D:5      | Reached skill level 5 in Shields
  3646 | D:5      | Reached skill level 5 in Armour
  3682 | D:5      | Found an opulent altar of Gozag.
  3870 | D:5      | Found a shimmering blue altar of Sif Muna.
  3968 | D:5      | Reached skill level 6 in Axes
  3970 | D:5      | Reached **** piety under Makhleb
  4099 | D:5      | Reached XP level 8. HP: 56/68 MP: 10/10
  4441 | D:6      | Found a snail-covered altar of Cheibriados.
  4442 | D:6      | Found a sacrificial altar of Ru.
  4442 | D:6      | Found a radiant altar of Vehumet.
  5311 | D:6      | Noticed Menkaure
  5326 | D:6      | Slain by Menkaure

Levels and vault maps discovered:
D:1:      roderic_octagonal_star, layout_loops_ring
D:2:      layout_rooms, chequers_ecumenical_altar_simple, uniq_robin
D:3:      layout_rooms, ashenzari_altar_1, first_ration, minmay_misc_feat_roman,
          uniq_natasha
D:4:      layout_rooms, dancing_weapons_uskayaw,
          lemuel_zombie_altar_yredelemnul, minmay_temple_entry_trees,
          kennysheep_nondescript, corexii_checkpoint_b
D:5:      layout_basic, overflow_temple_1_default,
          nicolae_gozag_cash_rules_everything_around_me
D:6:      layout_layer_cave, grunt_temple_overflow_open, serial_shops, shop,
          st_stairs_13, uniq_menkaure

Skill      XL: |  1  2  3  4  5  6  7 |
---------------+----------------------+-----
Axes           | 3 4 5 6 |  6.9
Dodging        | 1 2 3 |  3.9
Shields        | 4 5 |  5.7
Invocations    | 1 2 3 4 |  4.9
Fighting       | 4 5 |  5.7
Armour         | 4 5 |  5.7

Action                   |  1- 3 |  4- 6 |  7- 9 || total
-------------------------+-------+-------+-------++-------
Melee: War axe           |    71 |   161 |   146 ||   378
       Headbutt          |     9 |    24 |    32 ||    65
Invok: Lesser Servant of |       |       |     1 ||     1
  Use: Scroll            |       |       |    11 ||    11
  Eat: Chunk             |       |     7 |    18 ||    25
Armor: Scale mail        |    25 |    79 |    19 ||   123
       Plate armour      |       |       |    53 ||    53
Dodge: Dodged            |    28 |    65 |    36 ||   129
Block: Shield            |    44 |    94 |    83 ||   221
